 Dungeon Crawl Stone Soup version 0.29.1-1-gd02db69 (webtiles) character file.

Game seed: 14011657041681090753

133 Vaargak the Grave Robber (level 4, -14/31 HPs)
             Began as a Mummy Necromancer on Sept 27, 2022.
             Was an Initiate of Hepliaklqana.
             Killed by a bolt of acid (20 damage)
             ... invoked by the enmity of Fedhas Madash
             ... on level 3 of the Dungeon.
             The game lasted 00:21:02 (3562 turns).

Vaargak the Grave Robber (Mummy Necromancer)        Turns: 3562, Time: 00:21:03

Health: -14/31     AC:  6    Str: 11    XL:     4   Next: 94%
Magic:  9/9        EV: 10    Int: 14    God:    Hepliaklqana [......]
Gold:   157        SH:  0    Dex: 14    Spells: 6/10 levels left

rFire   x . .      SeeInvis +   e - +0 short sword
rCold   + . .      Faith    .   (no shield)
rNeg    + + +      Spirit   .   n - +0 ring mail
rPois   ∞          Reflect  .   (no helmet)
rElec   .          Harm     .   (no cloak)
rCorr   .          Rampage  .   (no gloves)
Will    .....                   c - +0 pair of boots
Stlth   +.........              (no amulet)
HPRegen 0.10/turn               d - ring of see invisible
MPRegen 0.11/turn               (no ring)

@: no status effects
A: cold resistance 1, negative energy resistance 3, torment resistance 2, heat
vulnerability 1, in touch with death 1, no potions
a: Renounce Religion


You were on level 3 of the Dungeon.
You worshipped Hepliaklqana.
Hepliaklqana was noncommittal.
You visited 1 branch of the dungeon, and saw 3 of its levels.

You collected 157 gold pieces.

Inventory:

Hand Weapons
 e - a +0 short sword (weapon)
Armour
 a - a +0 robe
 c - a +0 pair of boots (worn)
 n - a +0 ring mail (worn)
Jewellery
 d - a ring of see invisible (left hand)
Wands
 k - a wand of iceblast (10)
Scrolls
 b - a scroll of butterflies {unknown}
 f - a scroll of enchant weapon {unknown}
 g - a scroll of immolation {unknown}
 h - a scroll of magic mapping {unknown}
 i - a scroll of amnesia {unknown}
 j - 2 scrolls of teleportation
 l - a scroll of blinking {unknown}
 m - 2 scrolls of vulnerability {unknown}


   Skills:
 + Level 0.5 Fighting
 + Level 1.2 Short Blades
 + Level 2.0 Dodging
 + Level 2.3 Stealth
 + Level 0.1 Unarmed Combat
 + Level 3.7 Spellcasting
 + Level 4.8 Necromancy


You had 6 spell levels left.
You knew the following spells:

 Your Spells              Type           Power      Damage    Failure   Level
a - Necrotise             Necr           96%        1d8       7%          1
b - Vampiric Draining     Necr           24%        2d7       21%         3

Your spell library contained the following spells:

 Spells                   Type           Power      Damage    Failure   Level
 Foxfire                  Conj/Fire      8%         2x1d4     43%         1
 Animate Dead             Necr           24%        N/A       54%         4
 Conjure Flame            Conj/Fire      2%         6-21      82%         3
 Gell's Gravitas          Tloc           2%         N/A       82%         3
 Inner Flame              Hex/Fire       2%         N/A       82%         3
 Teleport Other           Tloc           2%         N/A       82%         3
 Agony                    Necr           24%        N/A       88%         5
 Flame Wave               Conj/Fire      2%         2d4       99%         4
 Dispersal                Tloc           1%         N/A       100%        6


Dungeon Overview and Level Annotations

Branches:
Dungeon (3/15)

Altars:
Fedhas
Hepliaklqana

Annotations:
D:2 1 runed translucent door, Crazy Yiuf, Terence


Innate Abilities, Weirdness & Mutations

You are immune to poison.
Your flesh is cold resistant. (rC+)
You are immune to negative energy. (rN+++)
You are immune to unholy pain and torment.
You are vulnerable to heat. (rF-)
You are in touch with the powers of death.
You do not drink.


Message History

You continue putting on your +0 ring mail.
The orc barely misses you.
You continue putting on your +0 ring mail.
The orc hits you with a +0 club.
You continue putting on your +0 ring mail.
The orc barely misses you.
You finish putting on your +0 ring mail.
Casting: Necrotise (safe; 7% risk of failure)
Confirm with . or Enter, or press ? or * to list all spells.
Aiming: Necrotise (safe; 7% risk of failure)
Press: ? - help, Shift-Dir - straight line, f - orc
Aim: an orc, wielding a +0 club (chance to affect: 92%)
You feel a surge of power!
The orc writhes in agony.
The orc barely misses you.
You hit the orc but do no damage.
The orc is almost dead.
The orc hits you with a +0 club.
You barely miss the orc.
The orc is almost dead.
The orc hits you with a +0 club.
Casting: Necrotise (safe; 7% risk of failure)
Confirm with . or Enter, or press ? or * to list all spells.
Aiming: Necrotise (safe; 7% risk of failure)
Press: ? - help, Shift-Dir - straight line, f/p - orc
Aim: an orc, wielding a +0 club (almost dead, chance to affect: 92%)
You feel a surge of power!
The orc writhes in agony.
You kill the orc!
The dead are walking!
You start resting.
Magic restored.
You start resting.
Your orc skeleton crumbles into dust!
Fedhas invokes nature against you. The bolt of acid hits you!!
Ouch! That really hurt!
* * * LOW HITPOINT WARNING * * *
You start resting.
Fedhas invokes nature against you. The bolt of acid hits you!!
Ouch! That really hurt!
You die...

#..# ...##
#...# ...#
... #.#
####.###
#...)..#
#@##)#.#
#)##.# #
#.##.......#
#.####!#####
#.# .# #.. #
###


You could see the enmity of Fedhas Madash (unaware).

Vanquished Creatures
  An orc priest (D:3)
  An orc wizard (D:3)
  3 adders (D:2)
  A worm (D:2)
  2 dart slugs
  4 orcs (D:3)
  A bat (D:1)
  4 endoplasms
  2 giant cockroaches
  2 goblins
  6 hobgoblins
  3 kobolds
  4 ball pythons
  A frilled lizard (D:1)
  2 rats
37 creatures vanquished.

Vanquished Creatures (collateral kills)
  2 endoplasms (D:1)
2 creatures vanquished.

Vanquished Creatures (others)
  5 plants (D:2)
5 creatures vanquished.

Grand Total: 44 creatures vanquished

Notes
Turn   | Place    | Note
-------+----------+-------------------------------------------
     0 | D:1      | Vaargak the Mummy Necromancer began the quest for the Orb.
     0 | D:1      | Reached XP level 1. HP: 13/13 MP: 4/4
   789 | D:1      | Reached XP level 2. HP: 16/19 MP: 5/5
  1626 | D:2      | Gained mutation: You are in touch with the powers of death.
                  | [Mummy growth]
  1626 | D:2      | Reached XP level 3. HP: 5/24 MP: 5/7
  1924 | D:2      | Learned a level 3 spell: Vampiric Draining
  2532 | D:2      | Reached skill level 1 in Short Blades
  2666 | D:2      | Found a runed translucent door.
  2667 | D:2      | Noticed Crazy Yiuf
  2687 | D:2      | Reached XP level 4. HP: 30/30 MP: 4/8
  2753 | D:2      | Noticed Terence
  2844 | D:2      | Found a faded altar of an unknown god.
  2852 | D:2      | Prayed at the altar of an unknown god.
  2852 | D:2      | Became a worshipper of Fedhas Madash
  2852 | D:2      | Reached * piety under Fedhas
  3025 | D:3      | Found a hazy altar of Hepliaklqana.
  3033 | D:3      | Fell from the grace of Fedhas
  3033 | D:3      | Became a worshipper of Hepliaklqana the Forgotten
  3562 | D:3      | Killed by a bolt of acid

Illustrated notes

Levels and vault maps discovered:
D:1:      spicycebolla_arrival_xxxplode, layout_basic, hangedman_feature_mirror
D:2:      layout_basic, basic_altar, dilly_ecumenical_altar_fadedgnrine,
          uniq_crazy_yiuf_cottage, uniq_terence
D:3:      layout_loops_cross, tso_oasis_becter,
          nicolae_hepliaklqana_hippocampus, serial_shops, shop,
          kennysheep_flooded_box, uniq_jessica

Skill      XL: |  1  2  3 |
---------------+----------+-----
Spellcasting   | 3 |  3.7
Stealth        | 2 |  2.3
Short Blades   | 1 |  1.2
Dodging        | 2 |  2.0
Fighting       | |  0.5
Unarmed Combat | |  0.1
Necromancy     | |  4.8

Action                   |  1- 3 |  4- 6 || total
-------------------------+-------+-------++-------
Melee: Unarmed           |    15 |       ||    15
       Short sword       |    73 |    17 ||    90
       Punch             |     3 |       ||     3
 Cast: Necrotise         |    26 |    10 ||    36
  Use: Scroll            |       |     1 ||     1
 Stab: Sleeping          |     5 |     2 ||     7
       Distracted        |     1 |       ||     1
Armor: Robe              |    13 |     2 ||    15
Dodge: Dodged            |    57 |    14 ||    71
